 Dungeon Crawl Stone Soup version 0.20-a0-1089-g3fde505 (console) character file.

127 nht the Insei (level 4, -3/52 HPs)
             Began as a Draconian Transmuter on May 2, 2017.
             Engulfed by a cloud of flame (17 damage)
             ... on level 3 of the Dungeon.
             The game lasted 00:03:47 (1987 turns).

nht the Insei (Draconian Transmuter)                Turns: 1987, Time: 00:03:48

Health: -3/52      AC: 22    Str: 11 (12) XL:     4   Next: 85%
Magic:  6/7        EV:  2    Int: 15 (17) God:
Gold:   103        SH:  0    Dex: 10 (12) Spells: 3/7 levels left

rFire    . . .     SeeInvis .     - Unarmed
rCold    . . .     Gourm    .   (no shield)
rNeg     + + +     Faith    .   (armour unavailable)
rPois    +         Spirit   .   (helmet currently unavailable)
rElec    .         Reflect  .   (cloak currently unavailable)
rCorr    .         Harm     .   (gloves currently unavailable)
MR       .....     NoTele   +   (boots currently unavailable)
Stlth    +.........             (no amulet)
Regen    0.2/turn               n - +3 ring of intelligence
MPRegen  0.1/turn               u - ring of teleportation (curse)

@: tree-form
A: unfitting armour, AC +5
a: no special abilities


You were on level 3 of the Dungeon.
You were not hungry.
You were a tree.
You visited 1 branch of the dungeon, and saw 3 of its levels.

You collected 103 gold pieces.

Inventory:

Missiles
 a - 17 arrows
Armour
 h - a +0 cloak (melded)
 q - a +2 hat (melded)
 r - a +0 pair of gloves (melded)
Jewellery
 g - a +2 ring of dexterity
 i - an uncursed ring of fire
 n - a +3 ring of intelligence (left branch)
 u - a cursed ring of teleportation (right branch)
Scrolls
 f - 3 scrolls of fear
 k - a scroll of enchant armour
Potions
 j - a potion of might
Books
 b - a book of Changes

   Spells                             Type                      Level
   a - Beastly Appendage              Transmutation                1
   b - Sticks to Snakes               Transmutation                2
   c - Spider Form                    Transmutation/Poison         3
   d - Ice Form                       Ice/Transmutation            4
   e - Blade Hands                    Transmutation                5
Comestibles
 c - 5 bread rations
 d - 2 fruits
 l - 5 chunks of flesh
 m - a royal jelly


   Skills:
 - Level 1.1 Fighting
 - Level 1.7 Dodging
 * Level 4.8 Unarmed Combat
 - Level 2.0 Spellcasting
 + Level 3.4 Transmutations


You had 3 spell levels left.
You knew the following spells:

 Your Spells              Type           Power        Failure   Level  Hunger
a - Beastly Appendage     Tmut           ##....       5%          1    #......
b - Spider Form           Tmut/Pois      #.........   32%         3    ###....


Dungeon Overview and Level Annotations

Branches:
Dungeon (3/15)

Altars:
Cheibriados


Innate Abilities, Weirdness & Mutations

((Your plain brown scales are hard. (AC +5)))
You cannot fit into any form of body armour.
((You are cold-blooded and may be slowed by cold attacks.))


Message History

The goblin shouts!
A goblin comes into view. It is wielding a dagger.
As you read the scroll labeled GUNEWO YMNIAVE, it crumbles to dust.
The creatures around you are filled with an inner flame!
It was a scroll of immolation.
You aren't carrying any items that you can evoke.
It was a potion of lignification.
You turn into a tree.
Your +0 cloak melds into your body.
Your +2 hat melds into your body.
Your +0 pair of gloves melds into your body.
Your roots penetrate the ground.
The goblin shouts!
You smack the goblin!
The goblin explodes!
The fiery explosion engulfs the goblin.
The goblin explodes!
The fiery explosion engulfs you!
Ouch! That really hurt!
* * * LOW HITPOINT WARNING * * *
You are engulfed in blazing flames.
You die...

... ██)███.█
█.█████.███)█
█..........█
██.███.███.█
█.....█ █.█
██.█████ █.█
███ ██.██ █.█
....§███.██
█.█ █§§§♣██
█.█ █§█§§.█
█. ██..█ █g%.
█..██ █..█
█... █..█


You could see a goblin (inner flame).

Vanquished Creatures
  An orc priest (D:3)
  Crazy Yiuf (D:2)
  2 worms (D:2)
  2 dart slugs (D:1)
  A leopard gecko (D:1)
  4 orcs (D:3)
  10 bats
  4 giant cockroaches
  5 hobgoblins
  5 kobolds
  A quokka (D:2)
  A ball python (D:1)
  7 frilled lizards
  8 goblins
  4 rats (D:1)
56 creatures vanquished.

Notes
Turn   | Place    | Note
-------+----------+-------------------------------------------
     0 | D:1      | nht the Draconian Transmuter began the quest for the Orb.
     0 | D:1      | Reached XP level 1. HP: 16/16 MP: 3/3
   258 | D:1      | Reached XP level 2. HP: 19/23 MP: 3/5
   649 | D:1      | Reached XP level 3. HP: 28/28 MP: 4/6
  1025 | D:1      | Learned a level 3 spell: Spider Form
  1255 | D:2      | Reached skill level 4 in Unarmed Combat
  1504 | D:2      | Found a snail-covered altar of Cheibriados.
  1640 | D:2      | Found a runed door.
  1649 | D:2      | Noticed Crazy Yiuf
  1657 | D:2      | Killed Crazy Yiuf
  1657 | D:2      | Reached XP level 4. HP: 5/35 MP: 7/7
  1987 | D:3      | Engulfed by a cloud of flame

Vault maps used:
D:1:      dpeg_arrival_water_fire, st_stairs_14, minivault_4,
          minmay_misc_feat_alley, kennysheep_boxes
D:2:      first_bread, cheibriados_altar_1, uniq_crazy_yiuf_cottage
D:3:      elyvilon_altar_4

Skill      XL: |  1  2  3 |
---------------+----------+-----
Transmutations | 3 |  3.4
Unarmed Combat | 4 |  4.8
Fighting       | |  1.1
Dodging        | |  1.7
Spellcasting   | |  2.0

Action                   |  1- 3 |  4- 6 || total
-------------------------+-------+-------++-------
Melee: Unarmed           |   141 |    19 ||   160
       Headbutt          |     6 |       ||     6
       Tailslap          |     9 |       ||     9
       Kick              |     5 |       ||     5
       Punch             |     3 |       ||     3
 Cast: Beastly Appendage |    18 |       ||    18
       Spider Form       |       |     1 ||     1
  Use: Scroll            |     7 |     1 ||     8
       Potion            |     3 |     1 ||     4
 Stab: Sleeping          |     2 |       ||     2
  Eat: Chunk             |     3 |     1 ||     4
Armor: Skin              |    43 |     5 ||    48
Dodge: Dodged            |   116 |     5 ||   121
